Map: Romanticide EC

Players

Ziggy

  • Race: Terran Terran
  • Spawn Location: 11:00

ShaDoWn - Winner!

  • Race: Protoss Protoss
  • League: Master
  • Spawn Location: 5:00

Event: DreamHack SC2 Masters 2020 Winter

VOD

Have the link to the VOD?

Description

Time

  • Played on: Nov. 1, 2020, 10:37 a.m.
  • Length: 10:39

All games in this series

Show
View Real Time Build Order
Export as new Build Order

Ziggy Terran 

Build Orders: Gas First Reaper Expand 

Get SALT Encoding   

  12  0:00  SCV  
  13  0:12  SCV  
  14  0:17  Supply Depot  
  14  0:24  SCV  
  15  0:29  Refinery  
  15  0:38  SCV  
  16  0:44  Barracks  
  16  0:51  SCV  
  17  1:03  SCV  
  18  1:15  SCV  
  19  1:31  Reaper, Orbital Command  
  20  1:44  Command Center  
  20  1:57  SCV  
  20  1:59  Factory  
  21  2:07  Barracks Reactor  
  21  2:09  SCV  
  21  2:13  Supply Depot  
  22  2:22  SCV  
  23  2:26  Barracks  
  23  2:35  SCV  
  24  2:44  Factory Tech Lab  
  24  2:45  Marine x2  
  24  2:47  SCV  
  27  2:59  SCV, Orbital Command  
  27  3:03  Marine x2  
  33  3:06  Cyclone  
  33  3:11  SCV  
  34  3:19  Barracks Tech Lab  
  33  3:21  Marine x2  
  33  3:22  Refinery  
  33  3:24  SCV  
  37  3:27  SCV  
  37  3:36  SCV, Supply Depot  
  37  3:39  SCV  
  38  3:45  Marine x2  
  38  3:46  Stimpack  
  40  3:50  SCV  
  40  3:53  Barracks  
  41  3:56  Engineering Bay  
  41  3:58  SCV  
  42  4:03  SCV  
  42  4:04  Marine x2  
  42  4:06  Marauder  
  47  4:13  SCV, Siege Tank  
  51  4:17  Supply Depot  
  51  4:18  SCV  
  51  4:22  Marine x2  
  54  4:26  Missile Turret  
  54  4:37  Starport  
  54  4:38  SCV x2  
  54  4:39  Marauder  
  58  4:47  Marine x2  
  58  4:50  SCV x2  
  58  4:52  Factory Reactor  
  62  4:58  Supply Depot  
  62  5:01  Combat Shield  
  62  5:02  Marine x2  
  62  5:05  Marine  
  62  5:10  Bunker  
  62  5:11  SCV  
  63  5:14  Marine  
  63  5:20  Marauder, Marine  
  67  5:25  Bunker  
  67  5:30  Viking  
  67  5:35  SCV  
  64  5:36  SCV  
  64  5:40  Marine  
  57  5:47  SCV  
  57  5:48  SCV  
  56  5:51  Marauder  
  56  5:54  Marauder  
  60  5:58  Marine x2  
  60  6:01  Concussive Shells  
  60  6:02  Factory Reactor  
  60  6:03  SCV  
  63  6:05  Refinery  
  63  6:07  Refinery  
  63  6:10  Medivac  
  65  6:12  Marine  
  65  6:17  Marauder, Marine  
  69  6:18  SCV  
  69  6:20  Marine  
  69  6:24  Bunker  
  65  6:30  Marauder  
  62  6:34  Bunker  
  62  6:35  Marine  
  62  6:38  Marine  
  62  6:39  Marauder  
  60  6:43  Bunker  
  59  6:51  Marine  
  59  6:52  Marine  
  56  6:59  Medivac  
  56  7:00  Marauder, Marine  
  60  7:06  Medivac  
  62  7:09  Marine  
  62  7:12  SCV  
  62  7:14  SCV, Marine  
  66  7:18  Marine  
  66  7:22  Marine  
  68  7:24  SCV  
  68  7:26  SCV  
  70  7:33  Marine  
  70  7:34  Medivac  
  73  7:37  Supply Depot  
  73  7:38  SCV x2  
  73  7:41  Marauder, Marine  
  78  7:47  Marine  
  78  7:54  Medivac  
  78  7:58  Marine  
  78  7:59  SCV x2, Marauder  
  78  8:03  Marauder  
  78  8:05  Marine  
  86  8:15  Medivac  
  86  8:16  Marine  
  86  8:18  SCV  
  90  8:20  Marauder  
  90  8:23  Marine  
  93  8:27  SCV  
  93  8:30  Supply Depot  
  93  8:31  Supply Depot  
  93  8:33  Marauder, Widow Mine x2  
  100  8:34  Marine  
  101  8:48  Marine  
  102  8:51  Marine  
  102  8:52  Marine  
  102  8:53  Barracks  
  102  8:54  Marauder  
  108  9:00  SCV  
  109  9:06  Marine  
  109  9:09  Marauder  
  114  9:15  Widow Mine  
  114  9:16  Medivac x2  
  106  9:17  SCV  
  106  9:22  Marauder, Marine  
  106  9:24  Widow Mine  
  112  9:29  Marine  
  112  9:30  Marine  
  114  9:35  Supply Depot  
  114  9:38  Widow Mine  
  116  9:44  Marauder  
  118  9:52  Widow Mine, Marine x3, Liberator  
  126  9:56  Marine  
  130  10:05  Marine  
  128  10:09  Marine x2  
Show
View Real Time Build Order
Export as new Build Order

ShaDoWn Protoss - Winner!

Build Orders: 1 Gate Expand, Blink Stalkers 

Get SALT Encoding   

  12  0:00  Probe  
  13  0:12  Probe  
  14  0:17  Pylon  
  14  0:24  Probe  
  15  0:36  Probe (Chrono Boost), Gateway  
  16  0:46  Probe (Chrono Boost), Assimilator  
  17  0:51  Probe (Chrono Boost)  
  18  1:03  Probe  
  19  1:15  Probe  
  20  1:22  Cybernetics Core  
  20  1:31  Nexus  
  20  1:38  Pylon  
  20  1:43  Assimilator  
  20  1:46  Probe  
  21  1:56  Adept (Chrono Boost)  
  21  1:58  Probe  
  21  2:00  Warp Gate  
  24  2:10  Probe  
  25  2:16  Adept (Chrono Boost)  
  25  2:22  Probe  
  28  2:34  Probe  
  29  2:39  Stalker  
  31  2:44  Probe (Chrono Boost)  
  33  2:52  Probe (Chrono Boost)  
  33  2:56  Probe (Chrono Boost)  
  33  3:01  Probe (Chrono Boost)  
  33  3:02  Probe (Chrono Boost)  
  35  3:11  Probe (Chrono Boost), Twilight Council  
  37  3:15  Probe (Chrono Boost)  
  37  3:21  Robotics Facility  
  37  3:23  Probe (Chrono Boost)  
  37  3:26  Gateway  
  39  3:27  Probe (Chrono Boost)  
  39  3:28  Probe (Chrono Boost)  
  39  3:31  Gateway  
  40  3:36  Probe  
  40  3:41  Probe  
  42  3:44  Gateway  
  42  3:48  Probe, Pylon  
  43  3:53  Probe, Stalker  
  43  3:55  Assimilator  
  46  3:59  Blink (Chrono Boost)  
  46  4:06  Probe  
  46  4:09  Observer  
  48  4:11  Probe  
  48  4:15  Pylon  
  49  4:17  Stalker  
  49  4:18  Probe  
  49  4:23  Stalker  
  54  4:26  Pylon  
  54  4:32  Warp Prism  
  54  4:33  Probe  
  54  4:34  Probe  
  58  4:40  Stalker  
  58  4:42  Stalker  
  62  4:49  Stalker  
  62  4:51  Stalker  
  66  4:55  Probe, Pylon  
  66  4:58  Probe  
  68  5:03  Stalker  
  68  5:21  Stalker x2  
  68  5:22  Shield Battery  
  68  5:23  Stalker  
  68  5:26  Stalker  
  66  5:43  Probe  
  66  5:44  Probe  
  66  5:45  Nexus  
  66  5:49  Stalker x4  
  76  5:56  Probe  
  77  5:57  Assimilator, Observer  
  77  6:04  Pylon  
  78  6:15  Probe  
  78  6:23  Stalker x4  
  84  6:35  Probe x2  
  86  6:42  Charge  
  86  6:43  Gateway  
  86  6:45  Gateway  
  86  6:49  Pylon  
  86  7:03  Stalker x4  
  86  7:05  Probe x2  
  86  7:08  Pylon, Observer (Chrono Boost)  
  95  7:16  Probe  
  95  7:19  Forge  
  86  7:24  Gateway  
  86  7:26  Immortal (Chrono Boost), Sentry, Zealot x3  
  86  7:27  Probe (Chrono Boost)  
  99  7:30  Probe (Chrono Boost)  
  99  7:34  Probe (Chrono Boost)  
  101  7:39  Probe (Chrono Boost)  
  101  7:41  Templar Archives  
  101  7:42  Probe (Chrono Boost), Zealot x2  
  108  7:44  Probe (Chrono Boost)  
  108  7:46  Probe (Chrono Boost)  
  108  7:47  Probe (Chrono Boost)  
  110  7:55  Probe  
  109  7:58  Immortal (Chrono Boost)  
  109  8:00  Shield Battery  
  109  8:01  Zealot x2  
  117  8:05  Pylon  
  117  8:14  Pylon  
  117  8:22  Zealot  
  117  8:24  Pylon, Zealot x4  
  129  8:36  Warp Prism (Chrono Boost)  
  129  8:38  Assimilator  
  129  8:40  Probe  
  128  8:43  Assimilator  
  128  8:48  Zealot x4, High Templar x2  
  133  8:54  Archon  
  140  8:57  Psionic Storm  
  140  8:58  Pylon x2  
  140  9:08  Pylon  
  136  9:17  Zealot x4  
  136  9:18  Zealot  
  136  9:23  Observer  
  146  9:28  High Templar x2  
  150  9:31  Pylon  
  150  9:35  Nexus  
  150  9:39  Pylon  
  150  9:40  High Templar x2  
  150  9:44  Immortal  
  158  9:51  Zealot x3  
  164  9:55  Probe x2  
  166  10:04  Zealot x2  
  170  10:10  Pylon  
  170  10:13  Sentry x3  
  176  10:14  Shield Battery  
  176  10:17  Stalker x2  
  178  10:27  Archon  
  168  10:29  Stalker x2  
Tags
 
Add a new tag
Caveats
  • Supply blocks, unpowered buildings, or Contaminate may cause inaccurate times.
  • Supply counts are checked every 10 seconds.